[ PARTIDA AOE2 · #506786775 ]
UnrankedMongoles vs Spanish
Equipo del jugador · VICT
Equipo rival · DERR
[ ANÁLISIS DE REPETICIÓN · EXTRAÍDO DE LA PARTIDA GRABADA ]
Feudal
20:37
Castillos
27:37
Imperial
—
| APM promedio | 47.3 |
| APM pico | 100 |
| eAPM promedio | 14.4 |
| Aldeanos / militares | 50 / 10 |
Foco
⚔️ 24.0% · 🌾 76.0%
Archer ×10
Feudal
10:53
Castillos
20:51
Imperial
—
| APM promedio | 20.3 |
| APM pico | 49 |
| eAPM promedio | 9.4 |
| Aldeanos / militares | 20 / 0 |
Foco
⚔️ 19.5% · 🌾 80.5%
Mapa de la partida
Recursos iniciales + cada clic de construcción. Líneas = muros · curvas = relieve. ◆ oro · ⬟ piedra · ● bayas · ✦ reliquia · ◌ hueco del cierre
Tu base· Abierta — flanco sin cerrar
Base de Sin_Teclado· Abierta — flanco sin cerrar
Terreno inicial suavizado · ◌ = hueco del cierre detectado · pasá el cursor para detalles
Inputs por minuto
— Redwood MC9 - - Sin_Teclado
Build order — Redwood MC9
87 acciones detectadas en el replay
| 0:00 | Encolar | Villager (Male) |
| 0:00 | Encolar | Villager (Male) |
| 0:02 | Construir | House |
| 0:03 | Construir | House |
| 0:18 | Encolar | Villager (Male) ×2 |
| 1:16 | Encolar | Villager (Male) |
| 1:44 | Construir | House |
| 1:45 | Construir | Palisade Wall |
| 1:55 | Encolar | Villager (Male) |
| 2:10 | Construir | Lumber Camp |
| 2:32 | Encolar | Villager (Male) |
| 2:32 | Encolar | Villager (Male) |
| 3:05 | Encolar | Villager (Male) |
| 3:27 | Investigar | Loom |
| 3:57 | Encolar | Villager (Male) |
| 4:12 | Encolar | Villager (Male) |
| 4:40 | Encolar | Villager (Male) ×2 |
| 4:40 | Encolar | Villager (Male) ×2 |
| 5:05 | Encolar | Villager (Male) |
| 5:06 | Encolar | Villager (Male) |
| 5:22 | Encolar | Villager (Male) |
| 5:29 | Construir | House |
| 6:47 | Encolar | Villager (Male) |
| 6:56 | Construir | Mill |
| 7:15 | Encolar | Villager (Male) |
| 8:05 | Construir | Town Center |
| 8:15 | Construir | Town Center |
| 9:01 | Encolar | Villager (Male) ×5 |
| 9:01 | Encolar | Villager (Male) ×5 |
| 9:33 | Construir | Palisade Wall |
| 10:12 | Construir | House |
| 10:53 | Encolar | Villager (Male) |
| 11:15 | Encolar | Villager (Male) |
| 11:51 | Encolar | Villager (Male) |
| 11:52 | Encolar | Villager (Male) |
| 12:48 | Encolar | Villager (Male) |
| 13:07 | Encolar | Villager (Male) |
| 13:08 | Encolar | Villager (Male) ×2 |
| 13:08 | Encolar | Villager (Male) ×2 |
| 13:35 | Construir | House |
| 13:36 | Construir | House |
| 13:48 | Construir | Palisade Wall |
| 13:51 | Construir | Palisade Wall |
| 13:52 | Construir | Palisade Wall |
| 13:53 | Construir | Palisade Wall |
| 14:14 | Construir | House |
| 14:15 | Construir | Palisade Wall |
| 14:37 | Encolar | Villager (Male) |
| 14:49 | Construir | Barracks |
| 15:11 | Construir | House |
| 15:35 | Encolar | Villager (Male) |
| 15:35 | Encolar | Villager (Male) |
| 15:56 | Construir | Farm |
| 16:01 | Construir | Farm |
| 16:03 | Construir | Farm |
| 16:22 | Construir | Farm |
| 16:23 | Encolar | Villager (Male) |
| 16:27 | Construir | Farm |
| 16:29 | Construir | Farm |
| 17:06 | Construir | Mill |
| 17:10 | Encolar | Villager (Male) |
| 17:43 | Construir | Town Center |
| 18:08 | Construir | Lumber Camp |
| 18:27 | Investigar | Feudal Age |
| 19:33 | Construir | Mining Camp |
| 20:37 | Edad | Edad Feudal |
| 20:42 | Construir | Archery Range |
| 20:45 | Encolar | Villager (Male) |
| 20:46 | Encolar | Villager (Male) |
| 21:10 | Construir | House |
| 21:29 | Encolar | Archer ×2 |
| 21:40 | Construir | House |
| 21:44 | Encolar | Villager (Male) |
| 21:44 | Encolar | Villager (Male) |
| 22:25 | Construir | Blacksmith |
| 22:35 | Encolar | Archer |
| 23:02 | Construir | House |
| 24:20 | Construir | Lumber Camp |
| 24:43 | Construir | Market |
| 24:44 | Construir | Mining Camp |
| 24:57 | Investigar | Castle Age |
| 25:07 | Encolar | Archer ×3 |
| 25:07 | Encolar | Archer ×3 |
| 26:00 | Investigar | Fletching |
| 26:30 | Encolar | Archer |
| 27:19 | Encolar | Villager (Male) |
| 27:37 | Edad | Edad de los Castillos |
Build order — Sin_Teclado
42 acciones detectadas en el replay
| 0:01 | Encolar | Villager (Male) |
| 0:01 | Encolar | Villager (Male) |
| 0:04 | Construir | House |
| 0:06 | Construir | House |
| 0:22 | Encolar | Villager (Male) ×2 |
| 0:43 | Investigar | Loom |
| 1:50 | Encolar | Villager (Male) |
| 1:50 | Encolar | Villager (Male) |
| 2:01 | Construir | Lumber Camp |
| 2:46 | Encolar | Villager (Male) |
| 2:46 | Encolar | Villager (Male) |
| 3:25 | Encolar | Villager (Male) |
| 3:25 | Encolar | Villager (Male) |
| 3:30 | Construir | House |
| 4:13 | Encolar | Villager (Male) |
| 4:14 | Encolar | Villager (Male) |
| 4:14 | Encolar | Villager (Male) |
| 4:24 | Construir | Mill |
| 5:26 | Encolar | Villager (Male) |
| 5:26 | Encolar | Villager (Male) |
| 5:26 | Encolar | Villager (Male) |
| 6:34 | Encolar | Villager (Male) |
| 7:03 | Construir | House |
| 7:12 | Encolar | Villager (Male) |
| 7:13 | Encolar | Villager (Male) |
| 7:13 | Encolar | Villager (Male) |
| 8:43 | Investigar | Feudal Age |
| 8:57 | Construir | Palisade Wall |
| 9:13 | Construir | Palisade Wall |
| 9:14 | Construir | Palisade Wall |
| 9:34 | Construir | Mining Camp |
| 10:53 | Edad | Edad Feudal |
| 11:17 | Construir | Palisade Wall |
| 11:23 | Construir | Palisade Wall |
| 12:11 | Construir | Town Center |
| 12:50 | Investigar | Wheelbarrow |
| 16:02 | Construir | Market |
| 17:00 | Construir | Blacksmith |
| 18:11 | Investigar | Castle Age |
| 20:51 | Edad | Edad de los Castillos |
| 22:59 | Construir | Castle |
| 27:29 | Construir | Lumber Camp |
Cronología de la partida
| 1:45 | Redwood MC9 · wall_segment Palisade Wall x1 |
| 8:57 | Sin_Teclado · wall_segment Palisade Wall x4 |
| 9:13 | Sin_Teclado · wall_segment Palisade Wall x1 |
| 9:14 | Sin_Teclado · wall_segment Palisade Wall x1 |
| 9:33 | Redwood MC9 · wall_segment Palisade Wall x1 |
| 10:53 | Sin_Teclado · age_up feudal |
| 11:17 | Sin_Teclado · wall_segment Palisade Wall x3 |
| 11:23 | Sin_Teclado · wall_segment Palisade Wall x1 |
| 13:48 | Redwood MC9 · wall_segment Palisade Wall x1 |
| 13:51 | Redwood MC9 · wall_segment Palisade Wall x1 |
| 13:52 | Redwood MC9 · wall_segment Palisade Wall x1 |
| 13:53 | Redwood MC9 · wall_segment Palisade Wall x1 |
| 14:15 | Redwood MC9 · wall_segment Palisade Wall x1 |
| 14:49 | Redwood MC9 · first_building Barracks |
| 17:46 | Sin_Teclado · first_market_sell 100 wood |
| 18:09 | Sin_Teclado · first_market_buy 100 food |
| 20:37 | Redwood MC9 · age_up feudal |
| 20:42 | Redwood MC9 · first_building Archery Range |
| 20:51 | Sin_Teclado · age_up castle |
| 22:59 | Sin_Teclado · first_building Castle |
| 27:37 | Redwood MC9 · age_up castle |
| 28:05 | Sin_Teclado · resign |
[ ANÁLISIS IA · 1 CRÉDITO ]
¿Qué pasó realmente en esta partida?
Wolo.gg analiza cada decisión: build order, eco, micro, errores típicos por bracket. Análisis personalizado por WhatsApp o Discord en 30 segundos.
Guía civ
Mongoles
Perfil
Redwood MC9